 Dungeon Crawl Stone Soup version 0.26.0-16-gc1dbca0489 (webtiles) character file.

Game seed: 8953938143262837417

765 112233 the Covert (level 7, 0/49 HPs)
             Began as an Octopode Brigand on Jan 18, 2021.
             Was an Initiate of Gozag.
             Slain by a killer bee zombie (8 damage)
             ... on level 5 of the Dungeon.
             The game lasted 00:04:53 (5246 turns).

112233 the Covert (Octopode Brigand)                Turns: 5246, Time: 00:04:53

Health: 0/49       AC: -5    Str: 11    XL:     7   Next: 81%
Magic:  7/7        EV: 15    Int: 13    God:    Gozag
Gold:   267        SH:  4    Dex: 15    Spells: 4/6 levels left

rFire    . . .     SeeInvis .   q - +2 dagger (venom)
rCold    . . .     Faith    .   x - +0 buckler
rNeg     + . .     Spirit   .   g - +2 hat
rPois    .         Reflect  .   f - amulet of regeneration
rElec    .         Harm     .   o - +4 ring of protection
rCorr    .         Rampage  .   u - ring of positive energy
Will     .....                  (no ring)
Stlth    +++++.....             (no ring)
HPRegen  0.56/turn              (no ring)
MPRegen  0.10/turn              (no ring)
                                (no ring)
                                (no ring)

@: corroded
A: almost no armour, stealthy swim, amphibious, 8 rings, constrict 8, camouflage
1, gelatinous body 1
a: Renounce Religion, Potion Petition, Call Merchant, Bribe Branch


You were on level 5 of the Dungeon.
You worshipped Gozag.
Gozag was aware of your devotion.
You visited 2 branches of the dungeon, and saw 7 of its levels.

You collected 720 gold pieces.
You paid 453 gold pieces to Gozag.

Inventory:

Hand Weapons
 a - a +2 dagger
 q - a +2 dagger of venom (weapon)
 w - the +4 trident of Kuma Sal {vorpal, *Rage Int+5, unknown}
   (You found it on level 4 of the Dungeon)

   It inflicts extra damage upon your enemies.
   It affects your intelligence (+5).
   It may make you go berserk in combat.
Missiles
 b - 38 poisoned darts (quivered)
 c - 2 curare-tipped darts
 t - 3 javelins
Armour
 g - a +2 hat (worn)
 x - a +0 buckler (worn)
Jewellery
 f - an amulet of regeneration (around mantle)
 o - a +4 ring of protection (left tentacle)
 u - a ring of positive energy (right tentacle)
Wands
 v - a wand of digging (6)
Scrolls
 d - 6 scrolls of identify {unknown}
 i - 3 scrolls of amnesia {unknown}
 j - 2 scrolls of remove curse {unknown}
 k - a scroll of noise {unknown}
 m - a scroll of immolation {unknown}
 p - a scroll of fear {unknown}
Potions
 e - a potion of curing {unknown}
 n - a potion of flight {unknown}
 r - a potion of brilliance {unknown}
 s - a potion of invisibility {unknown}


   Skills:
 + Level 4.4 Fighting
 - Level 2.0 Short Blades
 - Level 2.0 Throwing
 + Level 4.1 Dodging
 * Level 9.9 Stealth
 + Level 1.1 Shields


You had 4 spell levels left.
You knew the following spells:

 Your Spells              Type           Power        Failure   Level
a - Blink                 Tloc           N/A          56%         2

Your spell library contained the following spells:

 Spells                   Type           Power        Failure   Level
 Magic Dart               Conj           0%           41%         1
 Call Imp                 Summ           0%           56%         2
 Slow                     Hex            0%           56%         2
 Conjure Flame            Conj/Fire      0%           80%         3
 Mephitic Cloud           Conj/Pois/Air  0%           80%         3


Dungeon Overview and Level Annotations

Branches:
Dungeon (6/15)             Temple (1/1) D:4

Altars:
Ashenzari
Cheibriados
Dithmenos
Elyvilon
Fedhas
Gozag
Hepliaklqana
Kikubaaqudgha
Makhleb
Nemelex Xobeh
Okawaru
Qazlal
Ru
Sif Muna
Uskayaw
Vehumet
Wu Jian
Zin


Innate Abilities, Weirdness & Mutations

You cannot wear most types of armour.
You are very stealthy in the water. (Stealth+)
You are amphibious.
You can wear up to eight rings at the same time.
You can use your tentacles to constrict eight enemies at once.
Your skin changes colour to match your surroundings (Stealth+).
Your rubbery body absorbs attacks. (AC +1, EV +1)


Message History

Unknown command.
You hit the jelly but do no damage.
The jelly looks even sicker.
The acid corrodes you!
Your tentacles burn!
You squeeze the jelly, but do no damage.
The jelly closely misses you.
You hit the jelly but do no damage.
Your tentacles burn!
Your squeeze misses the jelly. The jelly barely misses you.
Unknown command.
Found a sparkling altar of Nemelex Xobeh.
A jackal comes into view.
A jackal comes into view.
The jelly hits you.
You are splashed with acid!
* * * LOW HITPOINT WARNING * * *
A jackal comes into view.
The killer bee zombie hits you.
* * * LOW HITPOINT WARNING * * *
The killer bee zombie hits you!
You die...
Your body crumbles into a pile of gold.

#. $ #. #. #.. #.
#.# #. #.### . #.
#... . #.###.####
#..# . #.....@..#
#..# #.
#.h##..ZJ#######..#
#. #..........$>.#
#.
.h.h....?.######.#
#. h._.......# #.#
#. #⌠.⌠......# #Z#
# #.........#
#$##### #####...#.#
##J(.... ....>#.#
#.......


You could see a jelly (very poisoned), a killer bee zombie and 2 jackals.

Vanquished Creatures
  An ogre (D:4)
  A bullfrog (D:4)
  A gnoll sergeant (D:4)
  A scorpion (D:5)
  A hound (D:5)
  A gnoll shaman (D:4)
  An orc priest (D:4)
  2 orc wizards
  3 worker ants (D:4)
  7 adders
  11 gnolls (D:5)
  An ufetubus (D:5)
  2 oozes
  An adder skeleton (D:5)
  A worm (D:4)
  3 dart slugs
  3 leopard geckos
  4 orcs
  12 bats
  6 giant cockroaches
  6 goblins
  9 hobgoblins
  11 jackals
  A ball python (D:1)
  4 frilled lizards
  10 kobolds
  8 rats
112 creatures vanquished.

Vanquished Creatures (others)
  3 fungi (D:3)
  4 toadstools (D:3)
7 creatures vanquished.

Grand Total: 119 creatures vanquished

Notes
Turn   | Place    | Note
-------+----------+-------------------------------------------
     0 | D:1      | 112233 the Octopode Brigand began the quest for the Orb.
     0 | D:1      | Reached XP level 1. HP: 14/14 MP: 1/1
    86 | D:1      | Reached XP level 2. HP: 4/19 MP: 2/2
   760 | D:2      | Reached skill level 6 in Stealth
   760 | D:2      | Reached XP level 3. HP: 25/25 MP: 3/3
  1103 | D:3      | Found a sacrificial altar of Ru.
  1268 | D:3      | Reached XP level 4. HP: 24/30 MP: 4/4
  1459 | D:4      | Noticed a bullfrog
  1472 | D:4      | Killed a bullfrog
  1473 | D:4      | Reached skill level 7 in Stealth
  1473 | D:4      | Reached XP level 5. HP: 16/36 MP: 5/5
  1734 | D:4      | Found a staircase to the Ecumenical Temple.
  1734 | D:4      | Noticed an ogre
  1744 | D:4      | Killed an ogre
  1745 | D:4      | Reached XP level 6. HP: 12/42 MP: 6/6
  2091 | Temple   | Entered the Ecumenical Temple
  2272 | Temple   | Became a worshipper of Gozag Ym Sagoz the Greedy
  2587 | D:1      | Reached skill level 8 in Stealth
  4162 | D:4      | Got a smoking trident
  4319 | D:4      | Learned a level 2 spell: Blink
  4641 | D:5      | Entered Level 5 of the Dungeon
  4643 | D:5      | Reached XP level 7. HP: 47/47 MP: 7/7
  4693 | D:5      | Reached skill level 9 in Stealth
  5223 | D:5      | Reached skill level 1 in Shields
  5241 | D:5      | Found a sparkling altar of Nemelex Xobeh.
  5246 | D:5      | Slain by a killer bee zombie

Illustrated notes

Levels and vault maps discovered:
D:1:      kennysheep_arrival_forest, layout_basic
D:2:      layout_rooms, serial_bayou_crossing
D:3:      layout_loops_ring, hangedman_ru_absence, minmay_gold_behind_fungi
D:4:      layout_cave_pods, minmay_temple_entry_glass
D:5:      lemuel_castle_with_subvaults [lemuel_castle_interior_original],
          layout_loops_ring, nemelex_xobeh_ov_fountains_minmay
D:6:      layout_cave_pools
Temple:   dpeg_five_rooms_temple

Skill      XL: |  1  2  3  4  5  6  7 |
---------------+----------------------+-----
Stealth        | 6 7 8 9 |  9.9
Dodging        | 2 3 4 |  4.1
Fighting       | 3 4 |  4.4
Shields        | 1 |  1.1
Short Blades   | |  2.0
Throwing       | |  2.0

Action                   |  1- 3 |  4- 6 |  7- 9 || total
-------------------------+-------+-------+-------++-------
Melee: Dagger            |    56 |    96 |    80 ||   232
       Tentacles         |    14 |    18 |    24 ||    56
       Constrict         |    12 |    22 |    17 ||    51
Throw: Dart              |       |     9 |     5 ||    14
Invok: Potion Petition   |       |       |     1 ||     1
  Use: Potion            |       |       |     2 ||     2
 Stab: Sleeping          |    13 |    25 |     3 ||    41
       Distracted        |       |       |     2 ||     2
Armor: Skin              |     8 |    18 |    11 ||    37
Dodge: Dodged            |    25 |    43 |    47 ||   115
Block: Buckler           |       |       |     9 ||     9
